Selects Australian Defense Battlegroup
Selects Australian Light Infantry Section
Australian Light Infantry Section
Australian Light Infantry Section
Australian Light Infantry Section
Selects 2-pounder Anti-tank Gun Team
2-pounder Anti-tank Gun Team
Australian Light Infantry Section
2-pounder Anti-tank Gun Team
Construct Section Command Post
Construct Platoon Command Post
6-pounder Anti-tank Gun Team
Construct Company Command Post
Selects CMP 15cwt Supply Run
Unlock Bishop Self-propelled Artillery
Bishop Self-propelled Artillery
Selects Reinforced Resource Caches
Selects Charged Creeping Barrage